 Dungeon Crawl Stone Soup version 0.31-a0-716-gc7603755dd (webtiles) character file.

Game seed: 12934402068001050197

158 LobsterGuardian the Sneak (level 5, -7/34 HPs)
             Began as an Octopode Brigand on Sept 11, 2023.
             Mangled by a gnoll
             ... wielding a +0 heavy flail
              (20 damage)
             ... on level 3 of the Dungeon.
             The game lasted 00:04:41 (2407 turns).

LobsterGuardian the Sneak (Octopode Brigand)        Turns: 2407, Time: 00:04:41

Health: -7/34      AC:  1    Str: 10    XL:     5   Next: 40%
Magic:  23/23      EV: 13    Int: 13    God:
Gold:   178        SH:  0    Dex: 16    Spells: 4/4 levels left

rFire   . . .        l - +1 short sword "Firph" {flame, rElec rPois MP+9}
rCold   . . .        (no shield)
rNeg    . . .        (helmet restricted)
rPois   +            (no amulet)
rElec   +            e - ring of magical power
rCorr   .            (no ring)
SInv    .            (no ring)
Will    .....        (no ring)
Stlth   +++++        (no ring)
HPRegen 0.25/turn    (no ring)
MPRegen 0.18/turn    (no ring)
                     (no ring)

%: no passive effects
@: no status effects
A: almost no armour, amphibious, 8 rings, camouflage 1, gelatinous body 1,
(nimble swimmer 1), tentacles
a: no special abilities


You were on level 3 of the Dungeon.
You visited 1 branch of the dungeon, and saw 3 of its levels.

You collected 178 gold pieces.

Inventory:

Hand Weapons
 a - a +2 dagger
 l - the +1 short sword "Firph" (weapon) {flame, rElec rPois MP+9}
   (You found it on level 3 of the Dungeon)

   rElec:     It insulates you from electricity.
   rPois:     It protects you from poison MP+9: It affects your magic capacity
   (+9).
Missiles
 b - 6 poisoned darts
 c - 5 curare-tipped darts
 g - 3 boomerangs (quivered)
 m - 25 stones
Jewellery
 e - a ring of magical power (left tentacle)
Wands
 i - a wand of roots (4)
Scrolls
 h - 3 scrolls of teleportation
 p - a scroll of vulnerability
Potions
 d - a potion of might {unknown}
 f - 2 potions of invisibility {unknown}
 j - a potion of berserk rage
 k - a potion of degeneration {unknown}
 n - 2 potions of haste {unknown}
 o - a potion of heal wounds {unknown}


   Skills:
 + Level 2.1 Fighting
 + Level 2.5 Short Blades
 * Level 3.2 Throwing
 + Level 1.1 Dodging
 * Level 7.7 Stealth


You had 4 spell levels left.
You didn't know any spells.
Your spell library contained the following spells:

 Spells                   Type           Power      Damage    Failure   Level
 Apportation              Tloc           0%         N/A       30%         1
 Necrotise                Necr           0%         1d4       30%         1
 Summon Small Mammal      Summ           0%         N/A       30%         1
 Volatile Blastmotes      Fire/Tloc      0%         2d10      67%         3
 Fulminant Prism          Conj/Hex       0%         3d5       97%         4
 Iskenderun's Mystic Bla  Conj/Tloc      0%         2d3       97%         4


Dungeon Overview and Level Annotations

Branches:
Dungeon (3/15)

Altars:
Ashenzari
Vehumet

Annotations:
D:3 2 transporters, randomguy2701's ghost, amateur HOFi


Innate Abilities, Weirdness & Mutations

You cannot wear most types of armour.
You are amphibious.
You can wear up to eight rings at the same time.
Your skin changes colour to match your surroundings (Stealth+).
Your rubbery body absorbs attacks. (AC +1, EV +1)
((You are camouflaged when in or above water. (Stealth+)))
You have tentacles for arms and can constrict up to eight enemies at once.


Message History

You constrict the orc priest, but do no damage.
The orc priest hits you with a +0 trident.
You hit the orc priest but do no damage.
You squeeze the orc priest.
You kill the orc priest!
You hit the gnoll. You burn the gnoll. You grab the gnoll.
The gnoll is heavily wounded.
You constrict the gnoll. The gnoll hits you with a +0 flail!
You hit the gnoll. You burn the gnoll.
The gnoll is severely wounded.
You constrict the gnoll. The gnoll hits you with a +0 flail!
* * * LOW HITPOINT WARNING * * *
You hit the gnoll but do no damage. You tentacle-slap the gnoll.
You kill the gnoll!
The gnoll throws a throwing net.
The throwing net closely misses you.
The gnoll throws a throwing net.
The throwing net barely misses you.
You see here a throwing net.
q - a throwing net You see here a throwing net.
q - 2 throwing nets (gained 1) Throw: 2 throwing nets
Press: ? - help, Shift-Dir - straight line, f - gnoll
Aim: a gnoll, wielding a +0 heavy flail (63% to hit)
You throw a throwing net.
The throwing net barely misses the gnoll.
Throw: throwing net
Press: ? - help, Shift-Dir - straight line, f/p - gnoll
Aim: a gnoll, wielding a +0 heavy flail (63% to hit)
You throw a throwing net.
The throwing net barely misses the gnoll.
Throw: 6 darts (curare)
Press: ? - help, Shift-Dir - straight line, f/p - gnoll
Aim: a gnoll, wielding a +0 heavy flail (63% to hit)
You throw a curare-tipped dart. The curare-tipped dart hits the gnoll.
The gnoll is poisoned.
The gnoll convulses.
The gnoll seems to slow down.
The gnoll is moderately wounded.
The gnoll hits you with a +0 heavy flail!!
Ouch! That really hurt!
You die...

# # ######## # #......# #
#.####.# # #.# #.# # #######.#
#.# ###
#.....#.####.################
##.....##.#.....@g.....(..)).....
##...° #.######.################
##..§. ##.######...)...# #...
##...☼.#<........#.###.#######.##
..)§.(§).........................
#...############........##...#.#.
################.#.#######...#.#.
.................#.# #.......
################.#.#########.#.#.


You could see a gnoll (very poisoned, slow).

Vanquished Creatures
  An orc priest (D:3)
  Terence (D:2)
  3 gnolls (D:3)
  2 adders
  2 worms
  A dart slug (D:3)
  6 orcs (D:3)
  7 ball pythons
  4 bats
  2 endoplasms (D:1)
  2 giant cockroaches (D:3)
  6 goblins
  2 hobgoblins (D:3)
  5 kobolds
  2 quokkas
  4 frilled lizards
  4 rats
54 creatures vanquished.

Vanquished Creatures (others)
  2 gnolls (D:3)
  A rat (D:3)
3 creatures vanquished.

Grand Total: 57 creatures vanquished

Notes
Turn   | Place    | Note
-------+----------+-------------------------------------------
     0 | D:1      | LobsterGuardian the Octopode Brigand began the quest for
                  | the Orb.
     0 | D:1      | Reached XP level 1. HP: 14/14 MP: 1/1
   336 | D:1      | Reached XP level 2. HP: 14/19 MP: 2/2
   933 | D:2      | Reached skill level 6 in Stealth
  1067 | D:2      | Reached XP level 3. HP: 24/24 MP: 3/3
  1084 | D:2      | Noticed Terence
  1089 | D:2      | Killed Terence
  1133 | D:2      | Reached XP level 4. HP: 29/29 MP: 4/4
  1135 | D:2      | Found a broken altar of Ashenzari.
  1477 | D:3      | Found a radiant altar of Vehumet.
  1548 | D:3      | Identified the +1 short sword "Firph" {flame, rElec rPois
                  | MP+9}
  1704 | D:3      | Reached skill level 7 in Stealth
  1969 | D:3      | Noticed an ogre
  1970 | D:3      | Found a transporter.
  1971 | D:3      | Noticed randomguy2701's ghost (amateur HOFi)
  1972 | D:3      | Found a transporter.
  2190 | D:3      | Reached XP level 5. HP: 34/34 MP: 5/5
  2407 | D:3      | Mangled by a gnoll

Illustrated notes

Levels and vault maps discovered:
D:1:      matt_arrival_grand_opening, layout_loops_corners
D:2:      layout_basic, basic_altar, uniq_terence
D:3:      layout_basic, fiery_altar_vehumet, marbit_many_paths,
          gammafunk_ghost_smash, minmay_vboxes

Skill      XL: |  1  2  3  4 |
---------------+-------------+-----
Stealth        | 6 7 |  7.7
Throwing       | 3 |  3.2
Fighting       | |  2.1
Short Blades   | |  2.5
Dodging        | |  1.1

Action                     |  1- 3 |  4- 6 || total
---------------------------+-------+-------++-------
  Melee: Dagger            |    30 |    13 ||    43
         Constrict         |     4 |    14 ||    18
         Tentacles         |     4 |    12 ||    16
         Short sword       |       |    42 ||    42
         Punch             |       |     2 ||     2
  Throw: Dart              |    11 |     8 ||    19
         Boomerang         |       |     5 ||     5
         Throwing net      |       |     2 ||     2
    Use: Scroll            |     3 |     4 ||     7
   Stab: Sleeping          |     9 |    11 ||    20
         Distracted        |       |     1 ||     1
 Armour: Skin              |     4 |    24 ||    28
  Dodge: Dodged            |     9 |    16 ||    25

Table legend: (Time is in decaauts)
 A = Elapsed time spent in this place.
 B = Non-inter-level travel time spent in this place.
 C = Inter-level travel time spent in this place.
 D = Time resting spent in this place.
 E = Time spent auto-exploring this place.
 F = Levels seen in this place.
 G = Mean time per level.
                   A        B        C        D        E       F      G
               +--------+--------+--------+--------+--------+-----+--------+
         Total |   2394 |   2352 |     42 |      0 |   1996 |   3 |  798.0 |
       Dungeon |   2394 |   2352 |     42 |      0 |   1996 |   3 |  798.0 |
               +--------+--------+--------+--------+--------+-----+--------+

Top non-repeatable levels by time:
     D:3: 925 daAuts
     D:1: 919 daAuts
     D:2: 549 daAuts
